Map: [ESL] Goldenaura

Players

Nice

  • Race: Protoss Protoss
  • Spawn Location: 12:00

Oliveira - Winner!

  • Race: Terran Terran
  • Spawn Location: 5:00

Event: ESL SC2 Masters 2024 Spring (Regional)

VOD

Have the link to the VOD?

Description

Time

  • Played on: April 27, 2024, 7:10 a.m.
  • Length: 15:55

All games in this series

Show
View Real Time Build Order
Export as new Build Order

Nice Protoss 

Build Orders: 1 Gate Expand, Blink Stalkers, Colossus Rush 

Get SALT Encoding   

  12  0:00  Probe  
  13  0:12  Probe  
  14  0:17  Pylon  
  14  0:24  Probe (Chrono Boost)  
  16  0:36  Probe (Chrono Boost)  
  16  0:38  Gateway  
  16  0:41  Probe  
  16  0:49  Assimilator  
  17  0:54  Probe  
  18  1:06  Probe  
  19  1:18  Probe  
  20  1:25  Cybernetics Core  
  20  1:34  Nexus  
  20  1:42  Pylon  
  20  1:47  Assimilator  
  20  1:50  Probe  
  21  1:58  Adept (Chrono Boost)  
  23  2:02  Probe  
  23  2:03  Warp Gate  
  24  2:14  Probe  
  25  2:21  Twilight Council  
  25  2:26  Probe  
  25  2:28  Stalker (Chrono Boost)  
  28  2:38  Probe  
  29  2:46  Probe  
  29  2:50  Probe  
  31  2:53  Blink (Chrono Boost)  
  31  2:59  Probe  
  31  3:02  Probe  
  33  3:07  Gateway  
  33  3:11  Probe  
  34  3:15  Probe  
  34  3:19  Robotics Facility  
  35  3:23  Probe  
  37  3:27  Probe  
  37  3:32  Pylon  
  37  3:35  Probe  
  37  3:39  Probe  
  39  3:47  Pylon, Probe  
  40  3:51  Probe  
  40  3:52  Stalker  
  43  3:59  Probe  
  43  4:02  Stalker  
  46  4:10  Observer, Nexus  
  46  4:11  Probe  
  46  4:12  Probe  
  49  4:21  Stalker  
  49  4:23  Probe  
  52  4:26  Shield Battery  
  52  4:29  Stalker  
  54  4:31  Probe  
  54  4:32  Immortal (Chrono Boost)  
  59  4:38  Assimilator  
  59  4:40  Probe  
  59  4:42  Assimilator  
  59  4:44  Probe  
  61  4:46  Pylon  
  61  4:52  Probe  
  62  4:55  Charge  
  62  5:00  Pylon  
  62  5:04  Probe x2  
  64  5:13  Robotics Bay  
  64  5:16  Probe (Chrono Boost)  
  64  5:17  Probe (Chrono Boost), Gateway x2  
  66  5:27  Probe x2 (Chrono Boost)  
  69  5:28  Probe (Chrono Boost)  
  69  5:30  Forge  
  69  5:31  Observer  
  73  5:36  Probe x2 (Chrono Boost)  
  73  5:37  Probe (Chrono Boost)  
  73  5:40  Gateway  
  74  5:43  Gateway  
  74  5:44  Probe x3 (Chrono Boost)  
  74  5:49  Sentry x2  
  80  5:54  Probe  
  81  5:59  Probe, Colossus (Chrono Boost)  
  88  6:15  Protoss Ground Weapons Level 1, Probe x3  
  89  6:21  Extended Thermal Lance  
  89  6:22  Pylon  
  89  6:27  Probe  
  89  6:32  Probe  
  91  6:33  Pylon  
  91  6:35  Nexus  
  91  6:38  Zealot  
  93  6:41  Zealot x3  
  99  6:47  Observer  
  99  6:49  Pylon  
  99  6:50  Colossus (Chrono Boost)  
  105  6:55  Stalker x2  
  105  6:56  Pylon  
  105  7:01  Pylon  
  109  7:02  Shield Battery  
  109  7:05  Shield Battery  
  109  7:06  Shield Battery  
  109  7:07  Pylon, Probe x3  
  112  7:16  Stalker x4  
  112  7:19  Observer, Probe x2  
  116  7:26  Probe  
  115  7:32  Immortal (Chrono Boost), Photon Cannon, Probe x2  
  115  7:33  Pylon  
  121  7:39  Probe  
  121  7:44  Stalker x3, Probe  
  123  7:45  Stalker x2  
  123  7:47  Zealot  
  135  7:54  Probe x3  
  135  7:56  Robotics Facility  
  138  8:04  Disruptor (Chrono Boost)  
  142  8:15  Gateway  
  142  8:16  Gateway  
  142  8:17  Zealot x2  
  145  8:22  Nexus  
  145  8:23  Pylon, Protoss Ground Weapons Level 2 (Chrono Boost)  
  145  8:27  Pylon, Probe x2  
  145  8:28  Probe  
  145  8:32  Pylon, Forge  
  145  8:33  Pylon  
  148  8:39  Observer (Chrono Boost), Gravitic Boosters  
  148  8:41  Probe  
  150  8:43  Gateway x2  
  150  8:45  Pylon  
  150  8:46  Photon Cannon  
  150  8:47  Pylon  
  150  8:48  Zealot, Pylon  
  152  8:49  Disruptor (Chrono Boost), Shield Battery  
  152  8:59  Zealot  
  152  9:01  Probe x3  
  157  9:02  Assimilator  
  157  9:03  Pylon  
  157  9:05  Pylon  
  157  9:07  Zealot  
  157  9:08  Observer  
  157  9:10  Pylon  
  157  9:14  Disruptor (Chrono Boost)  
  159  9:17  Zealot x6  
  159  9:21  Pylon  
  159  9:23  Pylon  
  171  9:24  Disruptor (Chrono Boost)  
  171  9:28  Protoss Ground Armor Level 1 (Chrono Boost)  
  173  9:38  Zealot x8  
  173  9:39  Zealot  
  193  9:54  Robotics Facility  
  193  9:56  Disruptor (Chrono Boost)  
  193  9:57  Assimilator  
  193  9:58  Zealot  
  195  10:05  Shield Battery  
  193  10:07  Pylon  
  193  10:10  Shield Battery  
  193  10:13  Pylon  
  192  10:18  Disruptor (Chrono Boost)  
  200  10:29  Protoss Ground Weapons Level 3 (Chrono Boost)  
  200  10:30  Robotics Facility  
  200  10:32  Zealot, Disruptor (Chrono Boost)  
  199  10:37  Gateway  
  199  10:43  Shield Battery  
  199  10:47  Observer  
  199  10:48  Gateway  
  199  10:49  Gateway  
  197  10:51  Pylon  
  197  10:53  Pylon  
  198  10:58  Nexus  
  198  10:59  Pylon  
  198  11:02  Pylon  
  198  11:04  Observer  
  198  11:08  Pylon, Observer  
  198  11:23  Disruptor (Chrono Boost)  
  184  11:35  Stalker x3  
  184  11:36  Stalker x5  
  184  11:39  Shield Battery x2  
  200  11:41  Observer (Chrono Boost), Shield Battery  
  200  11:42  Protoss Ground Armor Level 2 (Chrono Boost)  
  200  11:43  Photon Cannon  
  200  11:45  Photon Cannon  
  200  11:47  Photon Cannon  
  200  11:48  Photon Cannon  
  200  11:52  Gateway x2  
  200  11:54  Pylon  
  200  11:55  Pylon  
  198  12:19  Immortal  
  181  12:26  Zealot x5  
  181  12:27  Zealot x8, Disruptor  
  181  12:28  Disruptor  
  181  12:31  Disruptor  
  167  12:46  Zealot x3  
  167  12:47  Zealot x10  
  167  12:49  Assimilator x2  
  167  12:50  Stargate  
  193  12:53  Pylon, Protoss Shields Level 1 (Chrono Boost)  
  193  12:58  Disruptor  
  193  13:00  Observer x2  
  197  13:08  Zealot x4  
  199  13:16  Assimilator  
  189  13:21  Assimilator  
  189  13:25  Stalker  
  189  13:26  Stalker x5  
  189  13:27  Stalker  
  189  13:29  Zealot, Stalker x4  
  189  13:30  Stalker  
  193  13:36  Fleet Beacon  
  193  13:43  Assimilator  
  193  13:44  Assimilator  
  193  13:46  Cybernetics Core  
  193  13:47  Protoss Air Weapons Level 1 (Chrono Boost)  
  159  13:57  Disruptor  
  159  14:01  Zealot x13  
  189  14:26  Stargate  
  189  14:29  Stargate  
  189  14:31  Stargate  
  187  14:36  Stalker, Void Ray (Chrono Boost)  
  187  14:37  Stalker x4  
  192  14:50  Zealot x8  
  170  15:00  Stalker x2  
  155  15:15  Zealot x5  
Show
View Real Time Build Order
Export as new Build Order

Oliveira Terran - Winner!

Build Orders: Reaper Expand 

Get SALT Encoding   

  12  0:00  SCV  
  13  0:12  SCV  
  14  0:17  Supply Depot  
  14  0:24  SCV  
  15  0:39  SCV  
  15  0:40  Barracks  
  16  0:46  Refinery  
  16  0:51  SCV  
  17  1:03  SCV  
  18  1:15  SCV  
  19  1:28  Orbital Command  
  19  1:29  Reaper  
  20  1:43  Command Center  
  20  1:47  Supply Depot  
  20  1:54  SCV  
  21  2:01  Marine  
  21  2:07  SCV  
  23  2:15  Bunker  
  23  2:20  SCV, Barracks Reactor  
  24  2:30  Command Center  
  24  2:32  SCV  
  25  2:44  SCV, Barracks  
  26  2:55  Orbital Command  
  26  2:56  Marine x2  
  26  2:58  SCV  
  29  3:06  Barracks  
  29  3:10  SCV  
  30  3:15  Marine x2  
  32  3:21  SCV  
  32  3:22  SCV  
  34  3:31  Barracks Tech Lab  
  34  3:33  SCV  
  35  3:34  SCV  
  35  3:35  Refinery, Marine x2  
  38  3:43  Orbital Command  
  38  3:45  SCV  
  38  3:46  SCV  
  40  3:51  Stimpack, Marine  
  40  3:54  Barracks Tech Lab  
  41  3:56  Marine  
  41  3:57  SCV  
  41  3:58  SCV, Marine  
  45  4:07  Supply Depot  
  45  4:09  SCV, Marine  
  47  4:10  SCV  
  47  4:11  SCV  
  47  4:13  Combat Shield  
  47  4:15  Marauder  
  47  4:16  Marine  
  52  4:19  Engineering Bay  
  52  4:21  Marine  
  52  4:22  SCV  
  54  4:25  SCV  
  54  4:26  SCV  
  56  4:32  Supply Depot  
  56  4:33  Marauder  
  56  4:34  SCV  
  56  4:36  Factory  
  59  4:40  Marine, Marauder  
  59  4:41  SCV  
  59  4:43  SCV  
  64  4:47  SCV, Refinery  
  64  4:49  Terran Infantry Weapons Level 1  
  64  4:51  Marine  
  66  4:55  Supply Depot  
  66  4:56  Marauder  
  66  4:57  SCV  
  66  4:58  SCV  
  70  5:00  SCV, Marine  
  73  5:07  Marauder  
  73  5:09  SCV  
  73  5:11  Supply Depot  
  73  5:12  Marine  
  73  5:14  SCV  
  76  5:21  Refinery  
  76  5:23  Barracks x2, Starport  
  76  5:24  Factory Reactor  
  76  5:28  Supply Depot  
  76  5:29  SCV x2  
  76  5:31  Marauder  
  76  5:34  Supply Depot, Marine  
  81  5:38  Marauder  
  81  5:40  Marine  
  81  5:41  Concussive Shells  
  84  5:43  SCV  
  84  5:45  SCV  
  85  5:52  Marine  
  85  5:54  Supply Depot, Marauder  
  85  5:55  Missile Turret  
  85  5:56  SCV  
  89  5:57  Orbital Command  
  89  5:59  Supply Depot  
  89  6:03  Marauder, Marine  
  89  6:04  SCV  
  92  6:08  SCV  
  91  6:16  SCV, Medivac x2, Marauder  
  98  6:20  SCV  
  98  6:22  SCV  
  100  6:27  Barracks Tech Lab, Barracks Reactor  
  100  6:28  SCV  
  100  6:30  Supply Depot, Marauder, Marine x2  
  105  6:33  SCV  
  105  6:34  SCV  
  105  6:36  Supply Depot  
  107  6:40  SCV  
  107  6:41  Marauder  
  107  6:45  SCV  
  107  6:46  Medivac x2  
  115  6:48  Marauder  
  115  6:49  SCV  
  115  6:52  Supply Depot  
  115  6:53  Marauder, Ghost Academy, Marine x2  
  122  6:57  SCV, Refinery x2  
  122  6:59  SCV  
  124  7:01  SCV  
  124  7:06  Supply Depot, Marine x2  
  129  7:09  SCV  
  129  7:12  SCV  
  133  7:16  Viking x2  
  133  7:17  Marine  
  130  7:24  Marine x2  
  130  7:26  Ghost x3  
  130  7:27  Marine  
  130  7:28  SCV x2  
  130  7:29  Supply Depot  
  135  7:31  SCV  
  136  7:41  Supply Depot, Command Center  
  136  7:45  Armory, Marine  
  136  7:46  Engineering Bay  
  136  7:49  Viking x2  
  140  8:00  Ghost x2, Marine x2  
  140  8:04  Marine x2  
  140  8:07  SCV x2  
  140  8:08  SCV, Supply Depot  
  140  8:10  Factory Reactor  
  140  8:11  Ghost  
  145  8:15  Starport  
  145  8:20  Viking x2  
  145  8:21  Missile Turret  
  145  8:25  SCV x2  
  145  8:26  Terran Infantry Armor Level 1  
  151  8:27  SCV  
  151  8:29  Marine x3  
  155  8:37  SCV  
  155  8:42  Marauder x3  
  155  8:46  SCV x2  
  162  8:53  Terran Infantry Weapons Level 2  
  162  8:55  Terran Ship Weapons Level 1  
  161  8:56  Planetary Fortress  
  161  8:57  Barracks  
  161  8:59  Barracks x2  
  161  9:00  Viking  
  163  9:04  Viking  
  163  9:07  Marauder x2  
  163  9:08  Marine, Marauder  
  163  9:09  Marine x2  
  173  9:10  SCV  
  173  9:11  SCV  
  173  9:13  Viking  
  173  9:15  SCV  
  176  9:19  Marine  
  176  9:20  Viking  
  176  9:22  SCV  
  176  9:23  SCV  
  180  9:25  Supply Depot  
  180  9:28  Marauder x2  
  180  9:29  Marine x2  
  186  9:32  Medivac  
  186  9:33  Ghost, Marine  
  191  9:43  Command Center  
  191  9:45  Barracks Tech Lab  
  191  9:46  Barracks Tech Lab x2  
  191  9:49  Refinery  
  191  9:50  Refinery, Marauder x2  
  191  9:51  Marine x2  
  195  10:02  Marine  
  195  10:03  Marauder  
  195  10:04  Marine x2  
  200  10:10  Ghost  
  200  10:15  Fusion Core  
  200  10:18  Personal Cloaking  
  200  10:19  Command Center  
  200  10:20  Command Center  
  200  10:21  Sensor Tower  
  195  10:24  Terran Infantry Armor Level 2  
  195  10:31  Marine  
  195  10:32  Ghost  
  195  10:52  Terran Ship Weapons Level 2  
  195  10:56  Starport  
  195  11:02  Advanced Ballistics  
  194  11:08  Command Center, Missile Turret  
  194  11:10  Refinery  
  194  11:11  Terran Infantry Weapons Level 3, Sensor Tower, Missile Turret  
  194  11:12  Missile Turret  
  194  11:14  Refinery  
  184  11:37  Liberator x4  
  184  11:38  Starport Reactor  
  196  11:42  Orbital Command x2  
  196  11:44  Planetary Fortress, Nuke  
  194  11:55  Command Center x2  
  192  12:14  Caduceus Reactor  
  162  12:23  Marine x2  
  162  12:24  Liberator x2, Marauder  
  162  12:26  Marine x2  
  162  12:27  Liberator, Marauder  
  162  12:29  Marine x2  
  148  12:30  Liberator, Marauder  
  148  12:34  Liberator x2  
  148  12:35  Marauder  
  153  12:41  Marine x2  
  153  12:44  Marine x2  
  153  12:45  Marauder  
  153  12:48  Marine, Marauder x2  
  161  13:02  Marauder  
  161  13:03  Marine x2  
  164  13:07  Liberator  
  164  13:10  Marauder  
  164  13:11  Marauder x3  
  175  13:19  Marine x2  
  175  13:24  Liberator  
  175  13:25  Liberator x3, Ghost  
  180  13:27  Marauder, Marine  
  180  13:29  Terran Vehicle And Ship Armor Level 1  
  180  13:33  Command Center  
  183  13:47  Ghost  
  189  13:48  Marauder x2  
  179  13:58  Medivac  
  179  13:59  Marauder x2  
  180  14:06  Sensor Tower  
  180  14:07  Missile Turret  
  180  14:15  Planetary Fortress  
  180  14:20  Liberator  
  183  14:27  Marauder, Marine x2  
  183  14:30  Sensor Tower  
  187  14:32  Missile Turret  
  187  14:33  Liberator  
  187  14:34  Marauder x2, Marine x3  
  187  14:35  Marauder  
  187  14:38  Nuke  
  199  14:49  Marine  
  199  14:50  Marauder  
  197  14:56  Marine x2  
  197  14:57  Marauder  
  190  15:22  Ghost  
  190  15:25  Marauder, Marine x2  
  190  15:33  SCV  
  191  15:37  SCV x2  
Tags
 
Add a new tag
Caveats
  • Supply blocks, unpowered buildings, or Contaminate may cause inaccurate times.
  • Supply counts are checked every 10 seconds.